 Dungeon Crawl Stone Soup version 0.30.0 (webtiles) character file.

Game seed: 7558537077668774138

14646 nonceun the Severer (level 11, -15/165 HPs)
             Began as a Minotaur Berserker on May 6, 2023.
             Was a High Priest of Trog.
             Demolished by Urug
             ... wielding a +1 great mace of venom
              (24 damage)
             ... on level 1 of the Lair of Beasts.
             The game lasted 00:43:43 (13686 turns).

nonceun the Severer (Minotaur Berserker)           Turns: 13686, Time: 00:43:44

Health: -15/165    AC: 17    Str: 23    XL:     11   Next: 91%
Magic:  10/10      EV:  7    Int:  4    God:    Trog [*****.]
Gold:   577        SH: 10    Dex: 11    Spells: 10/10 levels left

rFire   + + .        a - +0 broad axe
rCold   . . .        n - +0 buckler
rNeg    . . .        o - +0 plate armour
rPois   .            f - +2 hat
rElec   .            (no cloak)
rCorr   +            A - +0 pair of gloves
SInv    +            L - +0 pair of boots of Quantum Leap {rF++ rCorr Int-2 SInv}
Will    ++...        D - amulet of reflection Stlth
                     (no ring)
HPRegen 1.47/turn    (no ring)
MPRegen 0.12/turn

%: reflection
@: berserking, lethally poisoned (-15 -> -43), strong-willed (expiring),
regenerating (expiring), very quick
A: horns 2, retaliatory headbutt
a: Renounce Religion, Berserk, Trog's Hand, Brothers in Arms


You were on level 1 of the Lair of Beasts.
You worshipped Trog.
Trog was extremely pleased with you.
You visited 2 branches of the dungeon, and saw 13 of its levels.
You also visited: Sewer.

You collected 842 gold pieces.
You spent 265 gold pieces at shops.

Inventory:

Hand Weapons
 a - a +0 broad axe (weapon)
 b - a +1 war axe of freezing
 c - the +3 flail "Giohasch" {antimagic, Will+}
   (You found it on level 9 of the Dungeon)

   Will:      It increases your willpower.
 S - a +2 war axe of venom
Armour
 f - a +2 hat (worn)
 n - a +0 buckler (worn)
 o - a +0 plate armour (worn)
 A - a +0 pair of gloves (worn)
 L - the +0 pair of boots of Quantum Leap (worn) {rF++ rCorr Int-2 SInv}
   (You bought it in a shop on level 1 of the Dungeon)

   Int:       It affects your intelligence (-2).
   rF:        It greatly protects you from fire.
   SInv:      It lets you see invisible.
   rCorr:     It protects you from acid and corrosion.
Jewellery
 j - a ring of fire
 D - an amulet of reflection (around neck)
Wands
 l - a wand of mindburst (17)
 C - a wand of paralysis (14)
 I - a wand of iceblast (30)
 O - a wand of flame (6)
 Q - a wand of digging (5)
Scrolls
 g - 3 scrolls of enchant armour {unknown}
 h - a scroll of butterflies {unknown}
 i - a scroll of amnesia {unknown}
 s - 5 scrolls of enchant weapon {unknown}
 u - a scroll of poison {unknown}
 v - 2 scrolls of acquirement {unknown}
 w - 3 scrolls of noise {unknown}
 x - 6 scrolls of teleportation {unknown}
 y - 7 scrolls of fear {unknown}
 z - 6 scrolls of vulnerability {unknown}
 F - 2 scrolls of immolation {unknown}
 G - a scroll of brand weapon {unknown}
 M - a scroll of magic mapping {unknown}
 P - 7 scrolls of identify {unknown}
 R - a scroll of fog {unknown}
Potions
 d - 10 potions of curing {unknown}
 e - 3 potions of brilliance {unknown}
 k - 3 potions of haste
 m - 6 potions of degeneration
 p - 3 potions of magic {unknown}
 q - 2 potions of invisibility {unknown}
 r - a potion of might {unknown}
 t - 4 potions of mutation {unknown}
 B - 5 potions of heal wounds {unknown}
 E - a potion of flight {unknown}
 H - 3 potions of lignification {unknown}
 J - 2 potions of ambrosia {unknown}
 K - a potion of resistance {unknown}
 N - 4 potions of cancellation {unknown}


   Skills:
 + Level 14.0 Fighting
 + Level 16.1 Axes
 + Level 7.1 Armour
 - Level 2.1 Dodging
 * Level 7.1 Shields


You had 10 spell levels left.
You didn't know any spells.
Your spell library contained the following spells:

 Spells                   Type           Power      Damage    Failure   Level
 Ensorcelled Hibernation  Hex/Ice        0%         N/A       100%        2
 Passwall                 Tmut/Erth      0%         N/A       100%        2
 Call Canine Familiar     Summ           0%         N/A       100%        3
 Gell's Gravitas          Tloc           0%         N/A       100%        3
 Portal Projectile        Hex/Tloc       0%         N/A       100%        3
 Swiftness                Air            0%         N/A       100%        3
 Teleport Other           Tloc           0%         N/A       100%        3
 Leda's Liquefaction      Hex/Erth       0%         N/A       100%        4
 Dispersal                Tloc           0%         N/A       100%        6


Dungeon Overview and Level Annotations

Branches:
Dungeon (11/15)            Temple (0/1) D:5            Lair (2/5) D:9
 Shoals (0/4) Lair:2        Sewer (visited)
  Snake: Lair:2-3    Spider: Lair:2-3       Orc: D:9-12

Altars:
Dithmenos
Nemelex Xobeh
Qazlal
Ru
Trog
Uskayaw
Wu Jian
Xom
Zin

Shops:
D:1 [

Annotations:
D:5 2 transporters, kmckee's ghost, novice MiFi
D:8 1 transporter
D:11 exclusion: door
Lair:1 Urug


Innate Abilities, Weirdness & Mutations

You have a pair of horns on your head.
You reflexively headbutt those who attack you in melee.


Message History

Urug is lightly wounded.
You feel very sick. Urug barely misses you.
You slice Urug!!
Urug is moderately wounded.
You feel very sick. Urug barely misses you.
You slash Urug! You headbutt Urug!
Urug is severely wounded.
You feel very sick.
Urug hits you with a +1 great mace of venom.
You closely miss Urug.
Urug is severely wounded.
You feel the effects of Trog's Hand fading.
You feel very sick.
You miss Urug. Your headbutt misses Urug.
Urug is severely wounded.
You feel sick.
Urug hits you with a +1 great mace of venom!!
You are more poisoned.
You hit Urug but do no damage. Your headbutt misses Urug.
Urug is severely wounded.
You feel very sick.
Urug hits you with a +1 great mace of venom!
* * * LOW HITPOINT WARNING * * *
You are lethally poisoned!
Unknown command.
A red film seems to cover your vision as you go berserk!
You feel yourself moving faster!
You feel mighty!
* * * LOW HITPOINT WARNING * * *
You feel extremely sick.
Urug hits you with a +1 great mace of venom.
* * * LOW HITPOINT WARNING * * *
You are more poisoned.
You closely miss Urug.
Urug is severely wounded.
* * * LOW HITPOINT WARNING * * *
You feel very sick.
Urug hits you with a +1 great mace of venom!!
You die...

^............## ##
...#####.....P####.###
##.............
##............
##...........
#...†....... ##
#..........#
...#######o...####P##
........@..### #
#.##.......# ##
###..##..# .##
#.####..# ..## #.#
#..# ...# #.# #..#
...#### ##.# P...
..#...#######..## #..
####............##


You could see Urug.

Vanquished Creatures
  A tengu warrior (D:11)
  A manticore (D:11)
  2 cyclopes (D:11)
  Joseph (D:10)
  A black mamba (Lair:2)
  A water nymph (Lair:2)
  An unseen horror (D:11)
  Maggie (Lair:1)
  A komodo dragon (Lair:2)
  A rime drake (Lair:1)
  Psyche (D:10)
  A hornet (D:8)
  2 trolls
  Grinder (Sewer)
  A wyvern (D:9)
  20 yaks
  3 basilisks
  4 vampire mosquitoes (D:11)
  2 steam dragons
  4 water moccasins
  3 orc warriors
  A sky beast (D:8)
  4 ice beasts
  5 black bears
  4 centaurs
  2 ogres
  2 phantoms
  The ghost of wolfgangpup the Trooper, an amateur DEFi (D:3)
  6 kobold brigands
  5 bullfrogs
  A gnoll sergeant (D:5)
  3 scorpions
  12 wights (D:7)
  11 killer bees
  5 electric eels (D:10)
  2 howler monkeys (D:9)
  A quasit (Sewer)
  4 hounds
  5 orc priests
  Jessica (D:2)
  A sleepcap (D:7)
  7 iguanas
  9 orc wizards
  11 gnolls
  9 adders
  A river rat (D:3)
  4 white imps
  3 ufetubi (Sewer)
  4 worms
  3 dart slugs
  30 orcs
  5 bats
  A bat zombie (Sewer)
  8 endoplasms
  4 giant cockroaches
  8 goblins
  3 hobgoblins
  34 kobolds
  3 quokkas
  8 ball pythons
  4 frilled lizards
  2 kobold zombies (Sewer)
  8 rats
298 creatures vanquished.

Vanquished Creatures (others)
  A bat zombie (Sewer)
  A kobold (D:10)
  A kobold zombie (Sewer)
  A fungus (Lair:2)
  9 plants
13 creatures vanquished.

Grand Total: 311 creatures vanquished

Notes
Turn   | Place    | Note
-------+----------+-------------------------------------------
     0 | D:1      | nonceun the Minotaur Berserker began the quest for the Orb.
     0 | D:1      | Reached XP level 1. HP: 19/19 MP: 0/0
    89 | D:1      | Reached skill level 4 in Axes
   218 | D:1      | Reached XP level 2. HP: 26/26 MP: 1/1
   582 | D:1      | Found Putre's Antique Armour Boutique.
   730 | D:2      | Reached skill level 5 in Axes
   906 | D:2      | Reached XP level 3. HP: 25/31 MP: 2/2
  1188 | D:2      | Noticed Jessica
  1197 | D:2      | Killed Jessica
  1281 | D:2      | Found a shadowy altar of Dithmenos.
  1383 | D:2      | Reached skill level 6 in Axes
  1383 | D:2      | Reached XP level 4. HP: 27/39 MP: 3/3
  1593 | D:1      | Bought a buckler for 85 gold pieces
  1790 | D:3      | Found a runed translucent door.
  1790 | D:3      | Noticed wolfgangpup's ghost (amateur DEFi)
  1804 | D:2      | Reached ** piety under Trog
  2122 | D:3      | Found a glowing drain.
  2132 | Sewer    | Entered a sewer
  2140 | Sewer    | Reached XP level 5. HP: 24/45 MP: 4/4
  2292 | Sewer    | Reached skill level 7 in Axes
  2469 | Sewer    | Reached skill level 8 in Axes
  2469 | Sewer    | Reached XP level 6. HP: 29/52 MP: 5/5
  2571 | Sewer    | Found a burning altar of Makhleb.
  2698 | Sewer    | Noticed Grinder
  2725 | Sewer    | Killed Grinder
  2726 | Sewer    | Reached skill level 5 in Fighting
  2726 | Sewer    | Reached skill level 9 in Axes
  2726 | Sewer    | Reached skill level 1 in Shields
  2726 | Sewer    | Reached XP level 7. HP: 54/61 MP: 6/6
  3083 | D:3      | Found an ornate altar of the Wu Jian Council.
  3087 | D:3      | Found a stormy altar of Qazlal.
  3091 | D:3      | Found a bloodstained altar of Trog.
  3741 | D:4      | Found a sacrificial altar of Ru.
  3742 | D:4      | Found a shimmering altar of Xom.
  3743 | D:4      | Found a shadowy altar of Dithmenos.
  3743 | D:4      | Found a hide-covered altar of Uskayaw.
  3757 | D:4      | You fall into a shaft and drop 1 floor!
  3757 | D:5      | Entered Level 5 of the Dungeon
  3757 | D:5      | Found a staircase to the Ecumenical Temple.
  3772 | D:5      | Found a transporter.
  3776 | D:5      | Found a transporter.
  3776 | D:5      | Noticed kmckee's ghost (novice MiFi)
  3821 | D:5      | Reached skill level 10 in Axes
  3846 | D:4      | Found a glowing silver altar of Zin.
  4057 | D:5      | Reached XP level 8. HP: 68/69 MP: 7/7
  4347 | D:5      | Reached skill level 11 in Axes
  4464 | D:5      | Reached *** piety under Trog
  5334 | D:6      | Reached XP level 9. HP: 28/85 MP: 8/8
  5559 | D:6      | Reached skill level 10 in Fighting
  6091 | D:7      | Reached **** piety under Trog
  7260 | D:3      | Killed wolfgangpup's ghost
  7348 | D:1      | Bought a pair of faintly humming boots for 180 gold pieces
  7348 | D:1      | Identified the +0 pair of boots of Quantum Leap {rF++ rCorr
                  | Int-2 SInv} (You bought it in a shop on level 1 of the
                  | Dungeon)
  7548 | D:8      | Paralysed by a hornet for 2 turns
  7555 | D:8      | Reached XP level 10. HP: 78/100 MP: 9/9
  7963 | D:8      | Found a sparkling altar of Nemelex Xobeh.
  7963 | D:8      | Found a transporter.
  7964 | D:8      | Noticed a cyan ugly thing
  7964 | D:8      | Noticed a boulder beetle
  8525 | D:8      | Reached skill level 5 in Shields
  8540 | D:8      | Reached skill level 12 in Axes
  9171 | D:9      | Found a staircase to the Lair.
  9175 | D:9      | Reached skill level 5 in Armour
  9427 | D:9      | Reached skill level 13 in Axes
  9743 | D:9      | Reached ***** piety under Trog
  9918 | D:9      | Identified the +3 flail "Giohasch" {antimagic, Will+}
 10067 | D:10     | Entered Level 10 of the Dungeon
 10137 | D:10     | Noticed Joseph
 10149 | D:10     | Killed Joseph
 10664 | D:10     | Reached XP level 11. HP: 107/107 MP: 10/10
 10672 | D:10     | Reached skill level 14 in Axes
 11059 | D:10     | Noticed Psyche
 11069 | D:10     | Killed Psyche
 11774 | D:11     | Noticed a tengu warrior
 11806 | D:11     | Killed a tengu warrior
 12001 | D:11     | Noticed an ice dragon
 12379 | Lair:1   | Entered Level 1 of the Lair of Beasts
 12379 | Lair:1   | You fall into a shaft and drop 1 floor!
 12427 | Lair:2   | Reached skill level 15 in Axes
 12878 | Lair:2   | Reached skill level 16 in Axes
 13507 | Lair:1   | Noticed Maggie
 13520 | Lair:1   | Killed Maggie
 13663 | Lair:1   | Noticed Urug
 13686 | Lair:1   | Demolished by Urug

Illustrated notes

Levels and vault maps discovered:
D:1:      spicycebolla_green_bress_n_ham, layout_loops_cross, serial_shops,
          nicolae_shop_crystal, grunt_decor_cap, nrook_mini_backslash
D:2:      layout_basic, basic_altar, minmay_misc_feat_hallway,
          grunt_decor_fettered, due_unseen_surprise, uniq_jessica
D:3:      layout_basic, grunt_temple_overflow_diamond, gammafunk_ghost_grave,
          portal_sewer_entry_b, minmay_misc_feat_plants
D:4:      layout_loops_cross, nicolae_overflow_hidden_temple,
          mainiacjoe_overflow_alcove_3
D:5:      layout_loops_cross, temple_pool_b, gammafunk_ghost_arena,
          serial_bayou, serial_bayou_pond_d, serial_bayou_crossing,
          serial_bayou_pond_d, serial_bayou_lagoon_a
D:6:      layout_gridville
D:7:      layout_loops_corners
D:8:      layout_loops_corners, grunt_nemelex_the_gamble, grunt_ministairs_6,
          hangedman_decor_diamond_cutter, grunt_decor_resistance,
          palyth_stone_intersect, minmay_misc_feat_iff,
          chequers_serial_rivers_micro_a
D:9:      layout_grid_maze, david_lair_generic, blue_anna_alchemist
D:10:     layout_basic, uniq_joseph, uniq_psyche
D:11:     layout_rooms, minmay_three_doors
Lair:1:   layout_layer_cave, minmay_holes, serial_bayou_pond_e, uniq_urug,
          uniq_gastronok, uniq_maggie
Lair:2:   layout_cave_pods, nicolae_shoals_entry_flooding, lemuel_fruit_fields

Skill      XL: |  1  2  3  4  5  6  7  8  9 10 11 |
---------------+----------------------------------+-----
Axes           | 4 5 6 8 9 10 11 13 16 | 16.1
Fighting       | 4 5 9 12 13 14 | 14.0
Shields        | 1 2 3 4 5 7 |  7.1
Armour         | 3 5 7 |  7.1
Dodging        | |  2.1

Action                     |  1- 3 |  4- 6 |  7- 9 | 10-12 || total
---------------------------+-------+-------+-------+-------++-------
  Melee: Hand axe          |    71 |   153 |    35 |       ||   259
         Headbutt          |    10 |    27 |    47 |    91 ||   175
         War axe           |       |       |   230 |   374 ||   604
         Flail             |       |       |       |    29 ||    29
         Broad axe         |       |       |       |    14 ||    14
 Invoke: Trog's Hand       |       |     6 |     1 |     8 ||    15
         Berserk           |       |       |       |     1 ||     1
  Evoke: Wand              |       |     1 |       |       ||     1
 Armour: Ring mail         |    12 |    34 |       |       ||    46
         Plate armour      |       |    25 |   107 |   159 ||   291
  Dodge: Dodged            |    27 |    64 |    37 |    92 ||   220
  Block: Buckler           |       |    18 |    80 |   171 ||   269
         Reflection        |       |       |     5 |     6 ||    11
